 Seeded DCSS version 0.26-a0-818-g75db068ed4 (webtiles) character file.

Game seed: 9159860647955490135 (custom seed)

162 sahdkjhfkaj the Slasher (level 5, 0/41 HPs)
             Began as a Human Fighter on Nov 15, 2020.
             Killed from afar by a white imp (8 damage)
             ... with a puff of frost
             ... on level 3 of the Dungeon.
             The game lasted 00:07:47 (2332 turns).

sahdkjhfkaj the Slasher (Human Fighter)             Turns: 2332, Time: 00:07:48

Health: 0/41       AC: 10    Str: 18    XL:     5   Next: 71%
Magic:  5/5        EV:  8    Int:  8    God:
Gold:   188        SH:  9    Dex: 12    Spells: 4/4 levels left

rFire    . . .     SeeInvis .   a - +0 long sword
rCold    . . .     Faith    .   c - +0 kite shield
rNeg     . . .     Spirit   .   b - +0 scale mail
rPois    .         Reflect  .   m - +0 helmet
rElec    .         Harm     .   (no cloak)
rCorr    .         Rampage  .   i - +1 pair of gloves
MR       .....                  (no boots)
Stlth    ..........             (no amulet)
HPRegen  0.13/turn              (no ring)
MPRegen  0.09/turn              (no ring)

@: no status effects
A: no striking features
a: no special abilities


You were on level 3 of the Dungeon.
You visited 1 branch of the dungeon, and saw 3 of its levels.

You collected 188 gold pieces.

Inventory:

Hand Weapons
 a - a +0 long sword (weapon)
Armour
 b - a +0 scale mail (worn)
 c - a +0 kite shield (worn)
 i - a +1 pair of gloves (worn)
 m - a +0 helmet (worn)
Jewellery
 h - an uncursed amulet of faith {unknown}
Scrolls
 f - a scroll of fog {!r, unknown}
 j - a scroll of enchant weapon {!r}
 k - a scroll of amnesia {!r, unknown}
 o - a scroll of magic mapping {!r}
Potions
 d - a potion of might {!q}
 e - 3 potions of mutation {!q}
 g - 2 potions of curing {!q}
 l - 2 potions of lignification {!q, unknown}
 n - a potion of attraction {!q, unknown}
 p - a potion of haste {!q, unknown}
 q - a potion of heal wounds {!q, unknown}


   Skills:
 + Level 3.2 Fighting
 - Level 4.0 Long Blades
 - Level 4.0 Armour
 - Level 2.0 Dodging
 - Level 3.0 Shields


You had 4 spell levels left.
You didn't know any spells.
Your spell library was empty.

Dungeon Overview and Level Annotations

Branches:
Dungeon (3/15)

Altars:

Annotations:
D:3 !disintegration kobold!


Message History

The white imp gestures at you. The puff of frost misses you.
You barely miss the white imp.
The white imp is almost dead.
The white imp gestures at you. The puff of frost hits you.
* * * LOW HITPOINT WARNING * * *
You closely miss the white imp.
The white imp is almost dead.
The white imp gestures at you. The puff of frost hits you!
* * * LOW HITPOINT WARNING * * *
The white imp gestures at you. The puff of frost hits you.
* * * LOW HITPOINT WARNING * * *
You hit the white imp but do no damage.
The white imp is almost dead.
The white imp gestures at you. The puff of frost hits you!
You die...

# #.##.##.......# #.#
#.##.##.......# #.# #
#.##.##.......#
#.##.##.##.......#
#.......##.......####
####...###......##..
#...##########o#
##...†..####.5#
#.####.....@# #.
#[....## #. #......$#
#....#.....#
#..........#
############


You could see a white imp and an orc.

Vanquished Creatures
  Robin (D:2)
  3 gnolls (D:2)
  5 adders
  2 worms
  3 dart slugs
  A leopard gecko (D:2)
  2 giant cockroaches
  14 goblins
  4 hobgoblins
  10 jackals
  2 quokkas
  A ball python (D:3)
  5 bats
  4 frilled lizards
  4 kobolds
  5 rats
66 creatures vanquished.

Vanquished Creatures (others)
  8 plants (D:2)
8 creatures vanquished.

Grand Total: 74 creatures vanquished

Notes
Turn   | Place    | Note
-------+----------+-------------------------------------------
     0 | D:1      | sahdkjhfkaj the Human Fighter began the quest for the Orb.
     0 | D:1      | Reached XP level 1. HP: 18/18 MP: 1/1
    48 | D:1      | Reached skill level 1 in Dodging
   313 | D:1      | Reached XP level 2. HP: 24/24 MP: 2/2
   751 | D:2      | Reached XP level 3. HP: 29/29 MP: 3/3
   781 | D:2      | Noticed Robin
   806 | D:2      | Killed Robin
   820 | D:2      | Reached XP level 4. HP: 17/35 MP: 4/4
  1776 | D:2      | Reached XP level 5. HP: 34/41 MP: 5/5
  2332 | D:3      | Killed from afar by a white imp

Illustrated notes

Levels and vault maps discovered:
D:1:      psy_arrival_dodecagon, layout_basic, wad_floor_pattern_2,
          chequers_garden, minmay_heptomino_h4
D:2:      wad_lake_hut, layout_loops_cross, minmay_misc_feat_tower, uniq_robin
D:3:      layout_loops_cross, marbit_many_paths

Skill      XL: |  1  2  3  4  5 |
---------------+----------------+-----
Dodging        | 1 2 |  2.0
Long Blades    | 3 4 |  4.0
Armour         | 4 |  4.0
Fighting       | |  3.2
Shields        | |  3.0

Action                   |  1- 3 |  4- 6 || total
-------------------------+-------+-------++-------
Melee: Long sword        |    86 |   127 ||   213
  Use: Scroll            |     2 |     5 ||     7
Armor: Scale mail        |    57 |    86 ||   143
Dodge: Dodged            |    32 |    60 ||    92
Block: Kite shield       |    50 |    82 ||   132
       Rpst.: Long sword |     7 |    22 ||    29

Table legend: (Time is in decaauts)
 A = Elapsed time spent in this place.
 B = Non-inter-level travel time spent in this place.
 C = Inter-level travel time spent in this place.
 D = Time resting spent in this place.
 E = Time spent auto-exploring this place.
 F = Levels seen in this place.
 G = Mean time per level.
                   A        B        C        D        E       F      G
               +--------+--------+--------+--------+--------+-----+--------+
         Total |   2434 |   2202 |    232 |      0 |   1634 |   3 |  811.3 |
       Dungeon |   2434 |   2202 |    232 |      0 |   1634 |   3 |  811.3 |
               +--------+--------+--------+--------+--------+-----+--------+

Top non-repeatable levels by time:
     D:2: 1291 daAuts
     D:1: 774 daAuts
     D:3: 367 daAuts
